 Dungeon Crawl Stone Soup version 0.30.1-11-g7821555f0a (webtiles) character file.

Game seed: 9633216429138782016

16 Nonny the Sneak (level 2, 0/13 HPs)
             Began as a Spriggan Enchanter on Nov 11, 2023.
             Succumbed to an adder's poison
             ... on level 1 of the Dungeon.
             The game lasted 00:02:39 (838 turns).

Nonny the Sneak (Spriggan Enchanter)                 Turns: 838, Time: 00:02:40

Health: 0/13       AC:  2    Str:  2 (4)  XL:     2   Next: 41%
Magic:  1/6        EV: 17    Int: 15 (16) God:
Gold:   76         SH:  0    Dex: 12 (15) Spells: 4/6 levels left

rFire   . . .        a - +1 dagger
rCold   . . .        (no shield)
rNeg    . . .        b - +0 robe
rPois   .            (helmet restricted)
rElec   .            (no cloak)
rCorr   .            (gloves unavailable)
SInv    +            (boots unavailable)
Will    .....        (no amulet)
Stlth   +++          (no ring)
HPRegen 0.22/turn    (no ring)
MPRegen 0.10/turn

%: no passive effects
@: brilliant, lethally poisoned (0 -> -1), attractive, very quick
A: very small, no large weapons, unfitting armour, see invisible, speed 3
a: no special abilities


You were on level 1 of the Dungeon.
You visited 1 branch of the dungeon, and saw 2 of its levels.

You collected 76 gold pieces.

Inventory:

Hand Weapons
 a - a +1 dagger (weapon)
Armour
 b - a +0 robe (worn)
Scrolls
 e - a scroll of identify
 f - a scroll of poison
 h - a scroll of noise {unknown}
 i - a scroll of fear {unknown}
Potions
 c - 3 potions of invisibility
 g - a potion of brilliance


   Skills:
 + Level 1.1 Short Blades
 - Level 2.6 Dodging
 + Level 5.0 Stealth
 - Level 2.8 Spellcasting
 + Level 4.2 Hexes


You had 4 spell levels left.
You knew the following spells:

 Your Spells              Type           Power      Damage    Failure   Level
a - Ensorcelled Hibernat  Hex/Ice        24%        N/A       13%         2

Your spell library contained the following spells:

 Spells                   Type           Power      Damage    Failure   Level
 Confusing Touch          Hex            22%        N/A       11%         3
 Tukima's Dance           Hex            22%        N/A       11%         3
 Dazzling Flash           Conj/Hex       24%        N/A       26%         3
 Stone Arrow              Conj/Erth      6%         3d7       52%         3
 Animate Armour           Summ/Erth      6%         N/A       90%         4
 Lehudib's Crystal Spear  Conj/Erth      1%         10d2      100%        8


Dungeon Overview and Level Annotations

Branches:
Dungeon (2/15)

Altars:

Shops:
D:2 [


Innate Abilities, Weirdness & Mutations

You are very small and have problems with some larger weapons.
You are too small for most types of armour.
You have supernaturally acute eyesight. (SInv)
You cover ground extremely quickly. (Speed+++)


Message History

Casting: Ensorcelled Hibernation (safe; 12% risk of failure)
Confirm with . or Enter, or press ? or * to list all spells.
Aiming: Ensorcelled Hibernation (safe; 12% risk of failure)
Press: ? - help, Shift-Dir - straight line, f - adder
Aim: an adder (chance to affect: 50%)
The adder resists with some effort.
The adder completely misses you. The adder closely misses you.
Casting: Ensorcelled Hibernation (safe; 12% risk of failure)
Confirm with . or Enter, or press ? or * to list all spells.
Aiming: Ensorcelled Hibernation (safe; 12% risk of failure)
Press: ? - help, Shift-Dir - straight line, f/p - adder
Aim: an adder (chance to affect: 50%)
The adder resists with some effort.
You hit the adder.
The adder is moderately wounded.
The adder bites you.
You are lethally poisoned!
The adder poisons you! The adder closely misses you.
You feel sick.
You feel sick.
* * * LOW HITPOINT WARNING * * *
You feel sick.
It was a potion of attraction.
You feel attractive to monsters.
* * * LOW HITPOINT WARNING * * *
You feel sick.
It was a potion of brilliance.
You feel clever all of a sudden.
* * * LOW HITPOINT WARNING * * *
You feel sick. The adder closely misses you.
It was a potion of degeneration.
There was something very wrong with that liquid.
You feel weakened.
You feel dopey.
You feel clumsy.
* * * LOW HITPOINT WARNING * * *
You feel sick. The adder bites you but does no damage.
The adder closely misses you.
As you read the scroll labelled IWUZIT BUDDEBLYE, it crumbles to dust.
It is a scroll of identify.
f - a scroll of poison You die...

.......#
#.....#
.......#
#####.#
......(# #.#
.......# #.#
....#### #.#
##..## #.#
##...### #.#
.......# #.#
####...# #@# #
#.>.#########S#
#
###...†.......#
# #.###########
# #.# # #.# #
#.# # #.# # ###


You could see an adder.

Vanquished Creatures
  A dart slug (D:1)
  A bat (D:2)
  2 endoplasms (D:1)
  2 hobgoblins (D:1)
  4 ball pythons (D:1)
  2 frilled lizards (D:1)
  2 kobolds (D:1)
14 creatures vanquished.

Notes
Turn   | Place    | Note
-------+----------+-------------------------------------------
     0 | D:1      | Nonny the Spriggan Enchanter began the quest for the Orb.
     0 | D:1      | Reached XP level 1. HP: 9/9 MP: 5/5
    10 | D:1      | Starting vault: autumn plants and fungi.
    59 | D:2      | Found Ashiol's Antique Armour Emporium.
   348 | D:1      | Reached XP level 2. HP: 6/13 MP: 6/6
   354 | D:1      | Learned a level 2 spell: Ensorcelled Hibernation
   617 | D:1      | Reached skill level 5 in Stealth
   838 | D:1      | Succumbed to an adder's poison

Illustrated notes

#........ #
##..P♣P...#
#.##..P♣♣....#
#.#.....P♣♣P.##
#.........P...
##...........#.#
#...P...P......#
......PP....P.....
....PP.PP@.♣PP..#
..PP..♣.P<.PP♣P.#
#..P.P♣PPP..PP..#
##...P.♣♣♣..P...#
.#.... P......#
..... ..#....#
##.. ..#..#... ##
#.##.#####


Turn 10 on D:1: Starting vault: autumn plants and fungi.

Levels and vault maps discovered:
D:1:      spicycebolla_arrival_clurvy, layout_basic
D:2:      layout_basic, dilly_ecumenical_altar_fadedgnrine, serial_shops, shop,
          nicolae_square_shop, shop, kennysheep_generic_room_15

Skill      XL: |  1  2 |
---------------+-------+-----
Hexes          | 4 |  4.2
Stealth        | 5 |  5.0
Short Blades   | |  1.1
Dodging        | |  2.6
Spellcasting   | |  2.8

Action                     || total
---------------------------++-------
  Melee: Dagger            ||    25
   Cast: Ensorcelled Hiber ||     3
    Use: Potion            ||     3
         Scroll            ||     1
   Stab: Sleeping          ||     6
 Armour: Robe              ||     1
  Dodge: Dodged            ||    13
